 Dungeon Crawl Stone Soup version 0.25.0-26-g0c896c7088 (webtiles) character file.

Game seed: 14070440804843879790

71 Revguard the Charmwright (level 4, 0/33 HPs)
             Began as a Human Skald on July 5, 2020.
             Succumbed to a gnoll's poison
             ... on level 3 of the Dungeon.
             The game lasted 00:04:44 (2117 turns).

Revguard the Charmwright (Human Skald)              Turns: 2117, Time: 00:04:45

Health: 0/33       AC:  4    Str: 11    XL:     4   Next: 47%
Magic:  4/7        EV: 12    Int: 14    God:
Gold:   105        SH:  0    Dex: 13    Spells: 2/7 levels left

rFire    . . .     SeeInvis .   a - +1 falchion
rCold    . . .     Gourm    .   (no shield)
rNeg     . . .     Faith    .   b - +0 leather armour
rPois    .         Spirit   .   (no helmet)
rElec    .         Reflect  .   i - +0 cloak
rCorr    .         Harm     .   (no gloves)
MR       .....                  (no boots)
Stlth    +.........             (no amulet)
HPRegen  0.11/turn              (no ring)
MPRegen  0.10/turn              (no ring)

@: mighty, lethally poisoned (0 -> -14), singing
A: no striking features
a: no special abilities


You were on level 3 of the Dungeon.
You were very hungry.

You visited 1 branch of the dungeon, and saw 3 of its levels.

You collected 105 gold pieces.

Inventory:

Hand Weapons
 a - a +1 falchion (weapon)
Armour
 b - a +0 leather armour (worn)
 i - a +0 cloak (worn)
Scrolls
 c - a scroll of identify
 e - 2 scrolls of enchant weapon
 h - a scroll of amnesia
Comestibles
 d - 4 rations


   Skills:
 + Level 2.2 Fighting
 + Level 2.7 Long Blades
 + Level 1.6 Armour
 + Level 2.2 Dodging
 * Level 2.3 Spellcasting
 * Level 3.4 Charms
 * Level 0.7 Translocations


You had 2 spell levels left.
You knew the following spells:

 Your Spells              Type           Power        Failure   Level  Hunger
a - Infusion              Chrm           ##..         8%          1    #......
b - Song of Slaying       Chrm           ##......     11%         2    ###....
c - Shroud of Golubria    Chrm/Tloc      #.....       19%         2    ###....

Your spell library contained the following spells:

 Spells                   Type           Power        Failure   Level  Hunger
 Ozocubu's Armour         Chrm/Ice       #.......     41%         3    ###....
 Spectral Weapon          Hex/Chrm       #.......     41%         3    ###....


Dungeon Overview and Level Annotations

Branches:
Dungeon (3/15)

Altars:
Nemelex Xobeh

Annotations:
D:3 1 transporter


Message History

a +0 flail; a gnoll corpse You hit the gnoll.
The gnoll is moderately wounded.
You feel sick.
Your shroud bends the gnoll's attack away!
You hit the gnoll.
The gnoll is heavily wounded.
You feel sick. The gnoll hits you but does no damage.
The gnoll barely misses you. The gnoll hits you with a +0 club.
You hit the gnoll.
The gnoll is severely wounded.
You feel sick.
The gnoll hits you from afar with a +2 halberd of venom.
* * * LOW HITPOINT WARNING * * *
Your shroud falls apart!
You are lethally poisoned!
The gnoll hits you with a +0 club!
* * * LOW HITPOINT WARNING * * *
You feel very mighty all of a sudden.
You die...

### ..#
#g# #g#
#g#
####@#
#<...#
#####...#
.©....
######
$©$P8#
.(..P#
#+####


You could see 3 gnolls.

Vanquished Creatures
  A gnoll (D:3)
  An adder (D:2)
  A worm (D:2)
  3 dart slugs
  2 leopard geckos (D:2)
  3 giant cockroaches
  5 hobgoblins
  A ball python (D:2)
  4 bats (D:1)
  3 frilled lizards
  8 goblins
  7 kobolds
  4 rats
43 creatures vanquished.

Notes
Turn   | Place    | Note
-------+----------+-------------------------------------------
     0 | D:1      | Revguard the Human Skald began the quest for the Orb.
     0 | D:1      | Reached XP level 1. HP: 16/16 MP: 3/3
   194 | D:1      | Reached XP level 2. HP: 22/22 MP: 5/5
   204 | D:1      | Learned a level 2 spell: Song of Slaying
   207 | D:1      | Learned a level 2 spell: Shroud of Golubria
   940 | D:1      | Reached XP level 3. HP: 27/27 MP: 6/6
  1486 | D:2      | Reached XP level 4. HP: 31/33 MP: 7/7
  1609 | D:2      | Found a sparkling altar of Nemelex Xobeh.
  2113 | D:3      | Found a transporter.
  2116 | D:3      | HP: 1/33 [gnoll/+0 club (7)]
  2117 | D:3      | Succumbed to a gnoll's poison

Illustrated notes

Levels and vault maps discovered:
D:1:      dpeg_arrival_round_c, layout_loops_corners, minmay_liquid_box,
          minmay_misc_feat_encased
D:2:      layout_rooms, nemelex_xobeh_ov_fountains_minmay, serial_rivers,
          chequers_serial_rivers_small_3, chequers_serial_rivers_large_b,
          chequers_serial_rivers_room_a, chequers_serial_rivers_room_a
D:3:      gammafunk_wand_slinger, layout_basic, lemuel_round_altar,
          gup_sewer_entry_bowl, minmay_fractal_squares_gapless_5, uniq_terence

Action                   |  1- 3 |  4- 6 || total
-------------------------+-------+-------++-------
Melee: Falchion          |    91 |    20 ||   111
 Cast: Song of Slaying   |     2 |     1 ||     3
       Shroud of Golubri |     1 |     1 ||     2
  Use: Scroll            |     3 |     1 ||     4
       Potion            |     2 |     1 ||     3
 Stab: Sleeping          |     2 |       ||     2
  Eat: Chunk             |     2 |     1 ||     3
Armor: Leather armour    |    22 |     2 ||    24
Dodge: Dodged            |    76 |     3 ||    79
       Rpst.: Falchion   |    26 |     1 ||    27
